 Dungeon Crawl Stone Soup version 0.29-a0-845-g6161e89988 (webtiles) character file.

Game seed: 17961438897735369707

162 kevlar127 the Ruffian (level 5, -5/79 HPs)
             Began as a Troll Berserker on July 15, 2022.
             Was a Priest of Trog.
             Slain by an ogre
             ... wielding a +0 giant club
              (12 damage)
             ... on level 4 of the Dungeon.
             The game lasted 00:03:19 (1793 turns).

kevlar127 the Ruffian (Troll Berserker)             Turns: 1793, Time: 00:03:19

Health: -5/79      AC:  4    Str: 27    XL:     5   Next: 19%
Magic:  4/4        EV: 10    Int:  3    God:    Trog [***...]
Gold:   154        SH:  0    Dex:  9    Spells: 4/4 levels left

rFire   . . .      SeeInvis .     - Unarmed
rCold   . . .      Faith    .   (no shield)
rNeg    . . .      Spirit   .   a - +0 animal skin
rPois   .          Reflect  .   (helmet restricted)
rElec   .          Harm     .   (no cloak)
rCorr   .          Rampage  .   (gloves unavailable)
Will    .....                   (boots unavailable)
Stlth   ..........              (no amulet)
HPRegen 1.03/turn               p - ring of flight
MPRegen 0.09/turn               (no ring)

@: berserking, flying, very quick
A: large, unfitting armour, claws 3, regeneration 1, shaggy fur 1, tough skin 1
a: Renounce Religion, Berserk, Trog's Hand


You were on level 4 of the Dungeon.
You worshipped Trog.
Trog was most pleased with you.
You visited 1 branch of the dungeon, and saw 4 of its levels.

You collected 154 gold pieces.

Inventory:

Missiles
 e - 17 stones (quivered)
 k - 4 boomerangs
 m - 13 poisoned darts
Armour
 a - a +0 animal skin (worn)
Jewellery
 p - a ring of flight (left claw)
Wands
 u - a wand of flame (30)
Scrolls
 f - 2 scrolls of teleportation {unknown}
 g - 2 scrolls of identify {unknown}
 h - a scroll of fog {unknown}
 i - a scroll of poison {unknown}
 j - a scroll of blinking {unknown}
 l - a scroll of summoning {unknown}
 n - 2 scrolls of enchant armour {unknown}
 o - a scroll of enchant weapon {unknown}
 q - a scroll of fear {unknown}
 s - a scroll of noise {unknown}
 t - a scroll of silence {unknown}
 v - a scroll of vulnerability {unknown}
Potions
 b - a potion of flight {unknown}
 c - 2 potions of heal wounds {unknown}
 d - 2 potions of attraction {unknown}
 r - a potion of mutation {unknown}


   Skills:
 + Level 3.6 Fighting
 - Level 3.0 Dodging
 + Level 4.5 Unarmed Combat


You had 4 spell levels left.
You didn't know any spells.
Your spell library was empty.

Dungeon Overview and Level Annotations

Branches:
Dungeon (4/15)             Temple (0/1) D:4

Altars:

Annotations:
D:4 1 runed translucent door


Innate Abilities, Weirdness & Mutations

You are too large for most types of armour.
You have claws for hands.
Your natural rate of healing is unusually fast.
You are covered in fur. (AC +1)
You have tough skin. (AC +1)


Message History

The ogre is heavily wounded.
The ball python bites you but does no damage.
You claw the ogre!
The ogre is almost dead.
The ball python bites you but does no damage.
The ogre hits you with a +0 giant club!!
Ouch! That really hurt!
* * * LOW HITPOINT WARNING * * *
You are too injured to fight recklessly!
You are too injured to fight recklessly!
You are too injured to fight recklessly!
You are too injured to fight recklessly!
You are too injured to fight recklessly!
You are too injured to fight recklessly!
You are too injured to fight recklessly!
You are too injured to fight recklessly!
You are too injured to fight recklessly!
You are too injured to fight recklessly!
You are too injured to fight recklessly!
You are too injured to fight recklessly!
You are too injured to fight recklessly!
You are too injured to fight recklessly!
You are too injured to fight recklessly!
You are too injured to fight recklessly!
You are too injured to fight recklessly!
You are too injured to fight recklessly!
You are too injured to fight recklessly!
You are too injured to fight recklessly!
You are too injured to fight recklessly!
You are too injured to fight recklessly!
You are too injured to fight recklessly!
Unknown command.
A red film seems to cover your vision as you go berserk!
You feel yourself moving faster!
You feel mighty!
The ball python bites you but does no damage. x2
Unknown command.
You barely miss the ogre.
The ogre is almost dead.
The ogre hits you with a +0 giant club!
You die...

#.# #.....#....
########.......#.#
#..............#.####
#..............#....####
#..............#........
#..............#))..###
#......†......##....#.#
......O@.....>........#
#.....S.#...#.##)...#.#
##......?.............#
#.######...###.......#
.. #...# #......### #
#...# #..>P..... #####
#.....#### #...P.#...
###.......


You could see an ogre and a ball python.

Vanquished Creatures
  Jessica (D:2)
  An orc wizard (D:3)
  3 adders
  2 worms (D:3)
  3 dart slugs
  5 orcs
  5 ball pythons
  6 endoplasms
  2 giant cockroaches (D:1)
  9 goblins
  7 hobgoblins
  3 quokkas
  8 bats
  6 frilled lizards
  5 kobolds
  A rat (D:3)
67 creatures vanquished.

Notes
Turn   | Place    | Note
-------+----------+-------------------------------------------
     0 | D:1      | kevlar127 the Troll Berserker began the quest for the Orb.
     0 | D:1      | Reached XP level 1. HP: 22/22 MP: 0/0
    84 | D:1      | Found a faded altar of an unknown god.
    91 | D:1      | Reached XP level 2. HP: 26/29 MP: 1/1
   241 | D:1      | Reached ** piety under Trog
   305 | D:1      | Reached XP level 3. HP: 36/36 MP: 2/2
   530 | D:2      | Noticed Jessica
   535 | D:2      | Killed Jessica
   638 | D:2      | Reached XP level 4. HP: 45/45 MP: 3/3
   828 | D:2      | Reached skill level 4 in Unarmed Combat
  1214 | D:3      | Reached XP level 5. HP: 38/53 MP: 4/4
  1665 | D:3      | Reached *** piety under Trog
  1761 | D:4      | Found a staircase to the Ecumenical Temple.
  1761 | D:4      | Found a runed translucent gate.
  1782 | D:4      | Noticed an ogre
  1793 | D:4      | Slain by an ogre

Illustrated notes

Levels and vault maps discovered:
D:1:      minmay_arrival_loop, layout_rooms, hellmonk_ecumenical_altar_blasted,
          palyth_stone_intersect
D:2:      layout_basic, uniq_jessica
D:3:      layout_loops_ring, minmay_misc_feat_tower
D:4:      layout_basic, nicolae_qazlal_scattered_showers,
          nicolae_overflow_crystal_walls, minmay_temple_entry_overgrown,
          gup_sewer_entry_glass, gammafunk_ghost_necromancy, bh_walls_and_bars,
          uniq_pargi

Skill      XL: |  1  2  3  4 |
---------------+-------------+-----
Fighting       | 3 |  3.6
Dodging        | 3 |  3.0
Unarmed Combat | 4 |  4.5

Action                   |  1- 3 |  4- 6 || total
-------------------------+-------+-------++-------
Melee: Unarmed           |   104 |    91 ||   195
       Punch             |       |     3 ||     3
Invok: Berserk           |       |     2 ||     2
Armor: Animal skin       |    49 |    15 ||    64
Dodge: Dodged            |    83 |    34 ||   117

Table legend: (Time is in decaauts)
 A = Elapsed time spent in this place.
 B = Non-inter-level travel time spent in this place.
 C = Inter-level travel time spent in this place.
 D = Time resting spent in this place.
 E = Time spent auto-exploring this place.
 F = Levels seen in this place.
 G = Mean time per level.
                   A        B        C        D        E       F      G
               +--------+--------+--------+--------+--------+-----+--------+
         Total |   1786 |   1769 |     17 |      5 |   1364 |   4 |  446.5 |
       Dungeon |   1786 |   1769 |     17 |      5 |   1364 |   4 |  446.5 |
               +--------+--------+--------+--------+--------+-----+--------+

Top non-repeatable levels by time:
     D:3: 690 daAuts
     D:2: 546 daAuts
     D:1: 519 daAuts
     D:4: 30 daAuts
